 Dungeon Crawl Stone Soup version 0.26.0-16-gc1dbca0489 (webtiles) character file.

Game seed: 8852037966160915974

12579 Gauvater the Covert (level 11, 0/76 HPs)
             Began as an Octopode Fire Elementalist on Jan 20, 2021.
             Was a High Priest of Vehumet.
             Slain by a five-headed hydra (10 damage)
             ... on level 12 of the Dungeon.
             The game lasted 02:59:21 (21623 turns).

Gauvater the Covert (Octopode Fire Elementalist)   Turns: 21623, Time: 02:59:21

Health: 0/76       AC:  5    Str:  7    XL:     11   Next: 95%
Magic:  21/22      EV: 16    Int: 20    God:    Vehumet [*****.]
Gold:   744        SH:  6    Dex: 14    Spells: 5/25 levels left

rFire    + . .     SeeInvis .   I - +6 trident (freeze)
rCold    . . .     Faith    .   e - +1 buckler
rNeg     + . .     Spirit   .   (helmet restricted)
rPois    .         Reflect  .   (no amulet)
rElec    .         Harm     .   b - ring of flight
rCorr    +         Rampage  .   n - +4 ring of protection
Will     +....                  q - ring of positive energy
Stlth    +++++.....             F - ring of resist corrosion
HPRegen  0.22/turn              x - ring of protection from fire
MPRegen  0.18/turn              H - ring of willpower
                                (no ring)
                                (no ring)

@: no status effects
A: almost no armour, stealthy swim, amphibious, 8 rings, constrict 8, camouflage
1, gelatinous body 1
a: Renounce Religion, Evoke Flight


You were on level 12 of the Dungeon.
You worshipped Vehumet.
Vehumet was extremely pleased with you.
You visited 2 branches of the dungeon, and saw 13 of its levels.
You also visited: Ossuary.

You collected 924 gold pieces.
You spent 180 gold pieces at shops.

Inventory:

Hand Weapons
 c - the +8 dagger of Wyrd {holy, rC+ Int+4}
   (You found it on level 10 of the Dungeon)

   It has been blessed by the Shining One to cause great damage to the undead
   and demons.
   It affects your intelligence (+4).
   It protects you from cold.
 i - a +2 spear of flaming
 l - a +1 hunting sling of flaming
 z - a +0 vampiric war axe
 E - a +2 dagger of venom
 I - a +6 trident of freezing (weapon)
Missiles
 f - 8 boomerangs (quivered)
 g - 458 stones
 k - 375 arrows
 m - 23 poisoned darts
 r - 26 bolts
 u - 103 sling bullets
 w - 2 curare-tipped darts
Armour
 e - a +1 buckler (worn)
Jewellery
 b - a ring of flight (left tentacle)
 n - a +4 ring of protection (right tentacle)
 q - a ring of positive energy (on tentacle)
 x - a ring of protection from fire (on tentacle)
 F - a ring of resist corrosion (on tentacle)
 H - a ring of willpower (on tentacle)
Wands
 M - a wand of digging (3)
Scrolls
 d - 2 scrolls of immolation
 h - 6 scrolls of fog
 o - 2 scrolls of teleportation
 y - 4 scrolls of remove curse
 B - 4 scrolls of amnesia
 K - 2 scrolls of magic mapping {unknown}
 L - 2 scrolls of acquirement {unknown}
Potions
 a - 2 potions of lignification {unknown}
 j - 4 potions of might
 p - 2 potions of attraction
 s - 3 potions of brilliance {unknown}
 t - 2 potions of curing
 C - 2 potions of flight {unknown}
 D - a potion of magic {unknown}
 G - 3 potions of ambrosia {unknown}
 J - a potion of resistance


   Skills:
 + Level 7.6 Fighting
 + Level 4.8 Short Blades
 + Level 4.4(5.9) Axes
 + Level 5.9(6.6) Polearms
 - Level 0.7(2.6) Slings
 - Level 4.1 Throwing
 + Level 6.2 Dodging
 + Level 8.2 Stealth
 + Level 4.0 Shields
 * Level 7.7 Spellcasting
 + Level 4.6 Conjurations
 + Level 5.6 Fire Magic


You had 5 spell levels left.
You knew the following spells:

 Your Spells              Type           Power        Failure   Level
a - Foxfire               Conj/Fire      100%         1%          1
b - Conjure Flame         Conj/Fire      28%          1%          3
c - Fireball              Conj/Fire      14%          9%          5
d - Sticky Flame          Conj/Fire      28%          3%          4
e - Orb of Destruction    Conj           13%          92%         7

Your spell library contained the following spells:

 Spells                   Type           Power        Failure   Level
 Inner Flame              Hex/Fire       19%          2%          3
 Ignite Poison            Fire/Tmut/Pois 15%          3%          3
 Mephitic Cloud           Conj/Pois/Air  13%          4%          3
 Beastly Appendage        Tmut           14%          9%          1
 Sting                    Tmut/Pois      28%          9%          1
 Poisonous Vapours        Pois/Air       14%          13%         2
 Wereblood                Tmut           7%           13%         2
 Olgreb's Toxic Radiance  Pois           7%           22%         4
 Spider Form              Tmut/Pois      3%           26%         3
 Ice Form                 Ice/Tmut       7%           65%         4
 Blade Hands              Tmut           3%           94%         5


Dungeon Overview and Level Annotations

Branches:
Dungeon (12/15)            Temple (1/1) D:7            Lair (0/6) D:11
    Orc (0/2) D:11        Ossuary (visited)

Altars:
Cheibriados
Elyvilon
Hepliaklqana
Kikubaaqudgha
Nemelex Xobeh
Okawaru
Qazlal
Ru
Trog
Vehumet
The Shining One
Beogh

Shops:
D:4 [   D:8 (

Portals:
Trove: D:11 (give 12 scrolls of teleportation)

Annotations:
D:4 2 transporters, kelmiir's ghost, amateur DrCj
D:5 Ijyb
D:11 2 transporters


Innate Abilities, Weirdness & Mutations

You cannot wear most types of armour.
You are very stealthy in the water. (Stealth+)
You are amphibious.
You can wear up to eight rings at the same time.
You can use your tentacles to constrict eight enemies at once.
Your skin changes colour to match your surroundings (Stealth+).
Your rubbery body absorbs attacks. (AC +1, EV +1)


Message History

Casting: Foxfire (safe; 1% risk of failure)
Confirm with . or Enter, or press ? or * to list all spells.
You conjure some foxfire!
The five-headed hydra closely misses you.
The five-headed hydra misses you. The five-headed hydra bites you!
* * * LOW HITPOINT WARNING * * *
You block the five-headed hydra's attack.
The five-headed hydra bites you.
* * * LOW HITPOINT WARNING * * *
You puncture the five-headed hydra! You freeze the five-headed hydra.
You squeeze the five-headed hydra.
The five-headed hydra is almost dead.
The foxfire hits the five-headed hydra.
The five-headed hydra is almost dead.
The five-headed hydra bites you.
* * * LOW HITPOINT WARNING * * *
You block the five-headed hydra's attack. x2
The five-headed hydra completely misses you.
The five-headed hydra bites you!
You die...

#..... #../..
#..... #.....
#.....
#.....#######
#.....#.....#
#....D@v....#
.......#ยง....#
.##+##.#.....#
#.#.<...#
#.###++## #. #.
#.


You could see a five-headed hydra.

Vanquished Creatures
  A two-headed ogre (D:10)
  A deep elf mage (D:11)
  3 cyclopes
  A troll (D:9)
  A meliai zombie (D:10)
  A spriggan (D:9)
  A shadow (D:11)
  Sigmund (D:5)
  Eustachio (D:5)
  20 yaks
  A water moccasin (D:5)
  6 phantoms
  4 orc warriors
  6 ice beasts
  3 necrophages
  2 sky beasts
  4 ogres
  4 centaurs
  6 bullfrogs
  A gnoll sergeant (D:9)
  A wyvern skeleton (D:10)
  2 water moccasin zombies
  6 scorpions
  14 killer bees
  5 howler monkeys
  11 wights
  5 bullfrog zombies
  A quasit (D:9)
  An iron imp (D:7)
  5 orc priests
  9 orc wizards
  2 hounds
  A jelly (D:7)
  A gnoll shaman (D:8)
  2 bullfrog skeletons
  A centaur skeleton (D:9)
  Terence (D:3)
  2 iguanas
  3 worker ants
  8 big kobold zombies (Ossuary)
  8 ogre zombies (D:11)
  2 hound zombies
  A mummy (Ossuary)
  Robin (D:2)
  A worker ant zombie (D:9)
  13 gnolls
  11 adders
  A shadow imp (D:6)
  2 white imps
  3 ufetubi
  4 oozes
  2 adder skeletons
  An adder zombie (D:6)
  5 worms
  3 dart slugs (D:1)
  7 leopard geckos
  41 orcs
  3 spectral bats (Ossuary)
  6 bats
  6 giant cockroaches
  4 gnoll zombies (Ossuary)
  25 goblins
  10 hobgoblins
  5 jackals
  5 quokkas
  A ball python (D:6)
  7 bat simulacra (Ossuary)
  3 frilled lizards
  3 goblin simulacra (Ossuary)
  A goblin skeleton (D:11)
  8 goblin zombies
  3 hobgoblin skeletons (D:11)
  8 hobgoblin zombies
  2 jackal skeletons
  8 kobolds
  A kobold simulacrum (Ossuary)
  3 kobold zombies (Ossuary)
  3 orc skeletons (D:11)
  17 orc zombies
  10 rats
  2 rat simulacra (Ossuary)
  4 spectral goblins (Ossuary)
  3 spectral kobolds (Ossuary)
  2 spectral rats (Ossuary)
  A butterfly (D:7)
409 creatures vanquished.

Vanquished Creatures (others)
  A human (D:2)
  629 foxfires
630 creatures vanquished.

Grand Total: 1039 creatures vanquished

Notes
Turn   | Place    | Note
-------+----------+-------------------------------------------
     0 | D:1      | Gauvater the Octopode Fire Elementalist began the quest for
                  | the Orb.
     0 | D:1      | Reached XP level 1. HP: 11/11 MP: 3/3
   459 | D:1      | Reached XP level 2. HP: 16/17 MP: 0/5
   683 | D:1      | Reached skill level 3 in Stealth
   779 | D:1      | Reached XP level 3. HP: 19/21 MP: 4/6
   815 | D:1      | Reached skill level 1 in Throwing
  1276 | D:2      | Noticed Robin
  1296 | D:2      | Killed Robin
  1297 | D:2      | Reached XP level 4. HP: 22/27 MP: 2/7
  2116 | D:2      | Reached skill level 1 in Fighting
  2116 | D:2      | Reached skill level 1 in Short Blades
  2440 | D:2      | Found an ancient bone altar of Kikubaaqudgha.
  2442 | D:2      | Noticed a human
  2443 | D:2      | Killed a human
  2701 | D:2      | Reached XP level 5. HP: 33/33 MP: 5/8
  2976 | D:3      | Noticed Terence
  2985 | D:3      | Killed Terence
  3322 | D:3      | Noticed an ogre
  3336 | D:3      | Killed an ogre
  3337 | D:3      | Reached XP level 6. HP: 28/39 MP: 4/10
  3782 | D:4      | Found Petzil's Antique Armour Shoppe.
  3805 | D:4      | Reached skill level 4 in Stealth
  3951 | D:4      | Reached XP level 7. HP: 45/45 MP: 9/11
  4007 | D:4      | Found a bloodstained altar of Trog.
  4380 | D:4      | Noticed kelmiir's ghost (amateur DrCj)
  4382 | D:4      | Found a transporter.
  4386 | D:4      | Found a transporter.
  4387 | D:4      | Identified the +8 great mace of Annihilation {venom, Int+4
                  | Dex+2}
  4584 | D:5      | Entered Level 5 of the Dungeon
  4604 | D:5      | Noticed Ijyb
  4681 | D:5      | Noticed Sigmund
  4689 | D:5      | Killed Sigmund
  4708 | D:5      | Reached skill level 5 in Stealth
  4931 | D:4      | Bought a runed buckler for 180 gold pieces
  5363 | D:5      | Reached XP level 8. HP: 49/52 MP: 10/13
  5373 | D:5      | Reached skill level 6 in Stealth
  5493 | D:5      | Noticed Eustachio
  5538 | D:5      | Killed Eustachio
  5539 | D:5      | Reached skill level 1 in Shields
  5738 | D:5      | Found a sacrificial altar of Ru.
  6832 | D:6      | Found a hazy altar of Hepliaklqana.
  7078 | D:6      | Reached skill level 5 in Spellcasting
  7226 | D:6      | Found a sparkling altar of Nemelex Xobeh.
  7300 | D:6      | Reached XP level 9. HP: 55/58 MP: 14/16
  7425 | D:6      | Learned a level 3 spell: Conjure Flame
  7785 | D:7      | Found a staircase to the Ecumenical Temple.
  7791 | Temple   | Entered the Ecumenical Temple
  7827 | Temple   | Became a worshipper of Vehumet
  7929 | D:7      | Found a stormy altar of Qazlal.
  7985 | D:7      | Found a sand-covered staircase.
  7992 | Ossuary  | Entered an ossuary
  8294 | Ossuary  | Reached * piety under Vehumet
  8294 | Ossuary  | Offered knowledge of Magic Dart by Vehumet.
  8566 | Ossuary  | Reached ** piety under Vehumet
  8571 | Ossuary  | Offered knowledge of Sandblast by Vehumet.
  9407 | D:7      | Found a snail-covered altar of Cheibriados.
  9739 | D:7      | Reached skill level 5 in Fighting
  9878 | D:7      | Offered knowledge of Frozen Ramparts by Vehumet.
  9959 | D:7      | Reached skill level 7 in Stealth
 10148 | D:7      | Reached skill level 1 in Axes
 10735 | D:8      | Reached XP level 10. HP: 66/66 MP: 19/19
 10764 | D:8      | Reached *** piety under Vehumet
 11093 | D:8      | Learned a level 5 spell: Fireball
 11184 | D:8      | Found a white marble altar of Elyvilon.
 11256 | D:8      | Found Ykes's Antique Weapon Emporium.
 11307 | D:8      | Got a transparent falchion
 11308 | D:8      | Identified the +4 falchion "Xutam" {distort, rF- rN+ Dex+3}
                  | (You found it on level 8 of the Dungeon)
 12134 | D:8      | Reached skill level 1 in Polearms
 13525 | D:8      | Offered knowledge of Fulminant Prism by Vehumet.
 13959 | D:8      | Reached skill level 5 in Dodging
 14476 | D:9      | Reached skill level 5 in Fire Magic
 14708 | D:9      | Noticed a cyclops
 14714 | D:9      | Killed a cyclops
 14990 | D:9      | Reached **** piety under Vehumet
 15186 | D:9      | Reached XP level 11. HP: 40/74 MP: 20/20
 15716 | D:9      | Offered knowledge of Lee's Rapid Deconstruction by Vehumet.
 16236 | D:9      | HP: 3/74 [poisoned by a killer bee]
 16241 | D:9      | HP: 2/74 [poisoned by a killer bee]
 16248 | D:9      | HP: 2/74 [poisoned by a killer bee]
 16256 | D:9      | HP: 2/74 [poisoned by a killer bee]
 16785 | D:10     | Entered Level 10 of the Dungeon
 16820 | D:10     | Got a crystal dagger
 16821 | D:10     | Identified the +8 dagger of Wyrd {holy, rC+ Int+4} (You
                  | found it on level 10 of the Dungeon)
 17191 | D:10     | Found a roughly hewn altar of Beogh.
 17524 | D:10     | Learned a level 4 spell: Sticky Flame
 17761 | D:10     | Noticed a two-headed ogre
 17769 | D:10     | Killed a two-headed ogre
 18264 | D:11     | Noticed a deep elf mage
 18265 | D:11     | Noticed a fire dragon
 18266 | D:11     | Found a transporter.
 18267 | D:11     | Noticed a fire giant
 18269 | D:11     | Killed a deep elf mage
 18272 | D:11     | Noticed a centaur warrior
 18284 | D:11     | Found a staircase to the Orcish Mines.
 18360 | D:11     | Noticed a deep elf mage
 19021 | D:11     | Found a staircase to the Lair.
 19021 | D:11     | Noticed a cyclops
 19022 | D:11     | Noticed a cyclops
 19204 | D:10     | Reached ***** piety under Vehumet
 19343 | D:10     | Offered knowledge of Orb of Destruction by Vehumet.
 19769 | D:11     | Found a portal to a secret trove of treasure.
 19838 | D:10     | Reached skill level 8 in Stealth
 20521 | D:11     | Reached skill level 5 in Polearms
 20532 | D:11     | Learned a level 7 spell: Orb of Destruction
 20891 | D:11     | Found a transporter.
 21054 | D:11     | Killed a cyclops
 21338 | D:11     | Killed a cyclops
 21617 | D:12     | Noticed a five-headed hydra
 21623 | D:12     | Slain by a five-headed hydra

Illustrated notes

Levels and vault maps discovered:
D:1:      minmay_arrival_doors, layout_rooms, serial_rivers,
          chequers_serial_rivers_large_b, chequers_serial_rivers_room_a,
          chequers_serial_rivers_small_a, chequers_serial_rivers_micro_a,
          chequers_serial_rivers_micro_a, chequers_serial_rivers_room_b
D:2:      layout_basic, tgw_kikubaaqudgha, uniq_robin
D:3:      layout_rooms, minivault_25, chequers_jeans, minmay_ogre_servants,
          uniq_terence
D:4:      layout_loops_corners, lightli_temple_of_fire, serial_shops, shop,
          gammafunk_ghost_smash
D:5:      layout_basic, nicolae_ru_the_path_less_chosen, uniq_eustachio,
          uniq_sigmund, uniq_ijyb
D:6:      layout_cave_pods, lemuel_crystal_altar,
          nemelex_xobeh_ov_fountains_minmay, grunt_ministairs_14,
          hangedman_abyss_or_decor_slice
D:7:      layout_rooms, slow_altar_1, minmay_temple_entry_butterflies,
          chequers_ossuary_entry_cave, basic_altar
D:8:      layout_rooms, serial_shops, nicolae_shop_statue_plus, elyvilon_altar_5
D:9:      layout_irregular_city, the_bakery
D:10:     layout_gridville, special_room [special_room_orc]
D:11:     gammafunk_sealed_arena, layout_rooms, lair_entry_dummy,
          zombieorc2_lemuel, enter_trove_6, enter_bailey_3
D:12:     layout_irregular_city, basic_altar, einodemon_barbed_minivault
Temple:   dpeg_five_rooms_temple

Skill      XL: |  1  2  3  4  5  6  7  8  9 10 11 |
---------------+----------------------------------+-----
Stealth        | 3 4 5 6 7 8 |  8.2
Throwing       | 1 2 3 4 |  4.1
Fighting       | 1 2 3 4 5 6 7 |  7.6
Short Blades   | 1 2 3 4 |  4.8
Spellcasting   | 3 5 6 7 |  7.7
Conjurations   | 2 3 4 |  4.6
Fire Magic     | 4 5 |  5.6
Shields        | 2 3 4 |  4.0
Dodging        | 3 4 5 6 |  6.2
Axes           | 2 4 |  4.4
Polearms       | 3 5 |  5.9
Slings         | |  0.7

Action                   |  1- 3 |  4- 6 |  7- 9 | 10-12 || total
-------------------------+-------+-------+-------+-------++-------
Melee: Dagger            |    27 |    65 |   287 |   239 ||   618
       Tentacles         |     9 |    13 |    64 |    84 ||   170
       Constrict         |    11 |    23 |    65 |    65 ||   164
       Unarmed           |     2 |       |       |       ||     2
       War axe           |       |       |    46 |    85 ||   131
       Trident           |       |       |       |   210 ||   210
 Fire: Hunting sling     |       |       |       |    15 ||    15
Throw: Boomerang         |    43 |    37 |       |    19 ||    99
       Stone             |       |    16 |    31 |    20 ||    67
       Dart              |       |     4 |    16 |    26 ||    46
 Cast: Foxfire           |    25 |    51 |   139 |   156 ||   371
       Conjure Flame     |       |       |     1 |    17 ||    18
       Sticky Flame      |       |       |       |     3 ||     3
       Fireball          |       |       |       |     2 ||     2
  Use: Scroll            |       |     6 |    15 |     5 ||    26
       Potion            |       |       |     1 |     7 ||     8
 Stab: Sleeping          |     4 |     7 |    27 |    14 ||    52
       Distracted        |       |       |     1 |     3 ||     4
Armor: Skin              |     5 |     8 |    79 |    70 ||   162
Dodge: Dodged            |    28 |    40 |   264 |   421 ||   753
Block: Buckler           |       |       |    82 |   157 ||   239
